 Dungeon Crawl Stone Soup version 0.17-a0-877-ga10078a (webtiles) character file.

161 hornqvist the Ducker (level 5, -3/38 HPs)
             Began as a Demonspawn Gladiator on Apr 30, 2015.
             Was an Initiate of Gozag.
             Slain by a giant frog (6 damage)
             ... on level 4 of the Dungeon.
             The game lasted 00:02:45 (2823 turns).

hornqvist the Ducker (Demonspawn Gladiator)         Turns: 2823, Time: 00:02:46

Health: -3/38      AC:  4    Str: 17    XL:     5   Next: 19%
Magic:  5/5        EV: 13    Int:  9    God:    Gozag
Gold:   403        SH:  0    Dex: 13    Spells: 0 memorised, 4 levels left

rFire  . . .     SeeInvis .       - Unarmed
rCold  . . .     Clarity  .     b - +0 leather armour
rNeg   . . .     SustAb   .     (no shield)
rPois  .         Gourm    .     c - +0 helmet
rElec  .         Spirit   .     (no cloak)
rCorr  .         Warding  .     (no gloves)
rMut   .         Stasis   .     (no boots)
MR     .....                    (no amulet)
Stlth  ++........               (no ring)
                                (no ring)

@: not resistant to hostile enchantments, unstealthy
A: claws 1, nightstalker 1, powered by death 1
a: Potion Petition, Call Merchant, Bribe Branch, Renounce Religion


You were on level 4 of the Dungeon.
You worshipped Gozag.
Gozag was noncommittal.
You were not hungry.

You visited 1 branch of the dungeon, and saw 4 of its levels.

You collected 428 gold pieces.
You paid 25 gold pieces to Gozag.

Inventory:

Missiles
 d - 3 throwing nets (quivered)
Armour
 b - a +0 leather armour (worn)
 c - a +0 helmet (worn)
 p - a +1 leather armour of poison resistance
Magical devices
 a - a wand of confusion (36)
Scrolls
 j - a scroll of amnesia {unknown}
 k - a scroll of teleportation {unknown}
 o - 5 scrolls of identify {unknown}
 q - a scroll of fear {unknown}
 r - a scroll of enchant armour {unknown}
 s - 2 scrolls of blinking {unknown}
 u - 2 scrolls of recharging {unknown}
 v - 2 scrolls of remove curse {unknown}
 x - a scroll of fog {unknown}
Potions
 i - a potion of brilliance {unknown}
 m - a potion of invisibility {unknown}
 n - a potion of curing {unknown}
 t - a potion of degeneration {unknown}
 w - a potion of flight {unknown}
Comestibles
 e - 2 bread rations
 f - 2 meat rations
 l - 4 fruits


   Skills:
 - Level 2.0 Fighting
   Level 3.0 Long Blades
 - Level 1.7 Throwing
 + Level 3.6 Dodging
 * Level 3.3 Unarmed Combat


You had 4 spell levels left.
You didn't know any spells.

Dungeon Overview and Level Annotations

Branches:
Dungeon (4/15)             Temple (0/1) D:4

Altars:
Dithmenos
Elyvilon
Fedhas
Gozag
Okawaru
Qazlal
Sif Muna
Yredelemnul
The Shining One


Innate Abilities, Weirdness & Mutations

You have sharp fingernails.
You are slightly more attuned to the shadows.
You can steal the life force of nearby defeated enemies.


Message History

You take 1 damage, and have 10/38 hp.
You barely miss the giant frog.
The giant frog hits you but does no damage. x2
You scratch the giant frog.
The giant frog begins to bleed from its wounds!
The giant frog closely misses you.
You completely miss the giant frog. The giant frog hits you.
* * * LOW HITPOINT WARNING * * *
You take 1 damage, and have 10/38 hp.
You barely miss the giant frog. The giant frog closely misses you.
The giant frog hits you!
* * * LOW HITPOINT WARNING * * *
You take 7 damage, and have 3/38 hp.
You barely miss the giant frog.
The giant frog hits you but does no damage.
Drink which item? (? for menu, Esc to quit)
It was a potion of cure mutation.
It has a very clean taste.
The giant frog is no longer bleeding.
The giant frog hits you.
You die...
Your body crumbles into a pile of gold.

...########
..........## $
...........##
............##
........##...##
.......####...##
#.. ......<#
##...####....
......##
##..$......#
......#
#..$@Fw..#
......#
#.$.....##
#.....#
#.......#
###.###
#.......# ###
#.?....)#
#..(...##
##.....# #####


You could see a giant frog and a worm.

Vanquished Creatures
  A worker ant (D:4)
  5 adders
  An ooze (D:3)
  A worm (D:2)
  4 giant geckos
  6 bats
  7 giant cockroaches
  15 hobgoblins
  12 jackals
  2 quokkas (D:2)
  A ball python (D:4)
  A giant newt (D:1)
  12 goblins
  5 kobolds
  9 rats
82 creatures vanquished.

Notes
Turn   | Place    | Note
--------------------------------------------------------------
     0 | D:1      | hornqvist, the Demonspawn Gladiator, began the quest for the Orb.
     0 | D:1      | Reached XP level 1. HP: 16/16 MP: 1/1
    94 | D:1      | Reached skill level 3 in Long Blades
   105 | D:1      | Gained mutation: You have sharp fingernails. [demonic ancestry]
   105 | D:1      | Reached XP level 2. HP: 13/22 MP: 2/2
   377 | D:1      | HP: 1/22 [goblin (4)]
   515 | D:1      | Reached skill level 1 in Unarmed Combat
   718 | D:1      | Gained mutation: You can steal the life force of nearby defeated enemies. [demonic ancestry]
   718 | D:1      | Reached XP level 3. HP: 24/27 MP: 3/3
  1361 | D:2      | Found an opulent altar of Gozag.
  1363 | D:2      | Found an iron altar of Okawaru.
  1367 | D:2      | Found a stormy altar of Qazlal.
  1367 | D:2      | Found a shadowy altar of Dithmenos.
  1367 | D:2      | Found a blossoming altar of Fedhas.
  1368 | D:2      | Found a basalt altar of Yredelemnul.
  1377 | D:2      | Found a white marble altar of Elyvilon.
  1385 | D:2      | Became a worshipper of Gozag Ym Sagoz the Greedy
  1607 | D:2      | Found a deep blue altar of Sif Muna.
  1610 | D:2      | Found a glowing golden altar of the Shining One.
  1628 | D:2      | Gained mutation: You are slightly more attuned to the shadows. [demonic ancestry]
  1628 | D:2      | Reached XP level 4. HP: 31/33 MP: 4/4
  2705 | D:4      | Found a staircase to the Ecumenical Temple.
  2737 | D:4      | Reached XP level 5. HP: 20/38 MP: 5/5
  2810 | D:4      | Noticed a giant frog
  2823 | D:4      | Slain by a giant frog

Action                   |  1- 3 |  4- 6 || total
-------------------------+-------+-------++-------
Melee: Long sword        |    92 |       ||    92
       Unarmed           |    77 |   150 ||   227
  Use: Potion            |     1 |     2 ||     3
 Stab: Sleeping          |     1 |     3 ||     4
  Eat: Chunk             |     2 |       ||     2
       Beef jerky        |       |     2 ||     2
       Pizza             |       |     1 ||     1
